Map: Sunset Valley LE

Players

McClawn

  • Race: Protoss Protoss
  • League: Gold
  • Spawn Location: 11:00

Ziden

  • Race: Terran Terran
  • Spawn Location: 12:00

oleg

  • Race: Protoss Protoss
  • Spawn Location: 9:00

Dragon

  • Race: Protoss Protoss
  • Spawn Location: 12:00

MooEsqoo

  • Race: Protoss Protoss
  • Spawn Location: 5:00

Павел

  • Race: Terran Terran
  • League: Gold
  • Spawn Location: 5:00

Жулик

  • Race: Zerg Zerg
  • Spawn Location: 6:00

Dodger

  • Race: Protoss Protoss
  • League: Platinum
  • Spawn Location: 5:00

VOD

Have the link to the VOD?

Description

Time

  • Played on: Nov. 22, 2019, 8:21 p.m.
  • Length: 17:17
Show
View Real Time Build Order
Export as new Build Order

McClawn Protoss 

Build Orders: Carriers 

Get SALT Encoding   

  12  0:03  Probe (Chrono Boost)  
  13  0:12  Probe (Chrono Boost)  
  14  0:17  Probe (Chrono Boost)  
  15  0:26  Pylon  
  15  0:44  Probe  
  16  0:51  Gateway  
  16  0:54  Assimilator  
  16  1:03  Gateway  
  16  1:04  Probe (Chrono Boost)  
  17  1:14  Probe (Chrono Boost), Pylon  
  18  1:25  Probe  
  19  1:37  Probe  
  20  1:59  Zealot  
  20  2:00  Nexus  
  22  2:03  Cybernetics Core  
  22  2:09  Assimilator  
  22  2:10  Probe  
  23  2:21  Forge  
  23  2:24  Probe  
  23  2:29  Zealot  
  26  2:41  Probe  
  27  2:50  Stalker  
  29  2:53  Probe  
  29  2:56  Protoss Ground Weapons Level 1 (Chrono Boost)  
  30  3:05  Probe  
  30  3:12  Stalker  
  33  3:13  Pylon  
  33  3:21  Protoss Air Weapons Level 1  
  33  3:24  Sentry  
  35  3:30  Probe (Chrono Boost)  
  35  3:32  Probe (Chrono Boost)  
  38  3:43  Probe (Chrono Boost)  
  38  3:45  Probe (Chrono Boost)  
  38  3:47  Stalker  
  38  3:48  Probe (Chrono Boost)  
  41  3:52  Probe  
  43  4:04  Probe  
  44  4:15  Stalker  
  46  4:21  Robotics Facility  
  46  4:37  Stalker  
  48  4:45  Stalker, Pylon  
  48  5:00  Assimilator  
  48  5:06  Assimilator  
  48  5:10  Probe  
  48  5:12  Probe  
  50  5:15  Protoss Ground Armor Level 1  
  50  5:23  Probe  
  50  5:24  Probe  
  50  5:27  Stalker x2  
  56  5:29  Protoss Air Armor Level 1  
  56  5:32  Observer  
  56  5:35  Probe  
  58  5:36  Probe  
  59  5:48  Probe x2, Pylon  
  61  5:52  Pylon  
  61  6:00  Probe  
  62  6:05  Stalker x2  
  62  6:06  Probe  
  67  6:12  Probe  
  67  6:18  Probe  
  69  6:21  Stargate  
  69  6:22  Twilight Council  
  69  6:25  Probe  
  70  6:34  Probe  
  70  6:35  Stalker  
  70  6:37  Probe  
  70  6:38  Observer  
  75  6:46  Probe, Pylon  
  76  6:49  Probe  
  76  6:50  Pylon  
  77  6:57  Pylon  
  77  6:58  Probe  
  77  7:00  Nexus  
  78  7:04  Assimilator  
  78  7:07  Probe, Assimilator  
  79  7:10  Probe, Pylon  
  79  7:12  Pylon  
  80  7:17  Void Ray  
  80  7:19  Probe  
  80  7:22  Probe  
  85  7:32  Stargate  
  82  7:43  Probe x2  
  84  7:55  Probe x2  
  86  8:04  Fleet Beacon  
  86  8:07  Probe x2  
  88  8:18  Void Ray x2  
  88  8:19  Probe x2  
  98  8:20  Probe  
  98  8:22  Stargate, Protoss Shields Level 1  
  98  8:25  Stargate  
  99  8:31  Probe x2  
  99  8:32  Probe  
  99  8:34  Charge  
  102  8:44  Probe  
  101  8:54  Stalker x2  
  103  8:56  Probe  
  103  9:08  Probe  
  100  9:40  Carrier  
  100  9:41  Carrier x2  
  118  9:57  Protoss Air Weapons Level 2 (Chrono Boost)  
  118  10:07  Photon Cannon  
  118  10:08  Nexus  
  118  10:10  Photon Cannon  
  118  10:11  Assimilator  
  118  10:12  Probe  
  118  10:13  Probe x2, Photon Cannon  
  121  10:14  Shield Battery  
  121  10:16  Assimilator  
  121  10:24  Probe, Carrier  
  121  10:25  Probe x2  
  130  10:34  Shield Battery  
  130  10:36  Shield Battery  
  130  10:37  Probe x2, Shield Battery  
  130  10:40  Photon Cannon  
  132  10:43  Photon Cannon  
  132  10:46  Probe  
  133  10:55  Protoss Shields Level 2 (Chrono Boost), Pylon  
  133  10:58  Pylon  
  133  11:00  Pylon  
  133  11:03  Pylon  
  133  11:05  Pylon  
  133  11:07  Pylon  
  133  11:10  Pylon  
  133  11:13  Probe x2, Carrier  
  133  11:14  Pylon  
  141  11:28  Carrier  
  147  11:56  Carrier  
  147  11:57  Carrier  
  159  12:03  Protoss Air Armor Level 2 (Chrono Boost)  
  159  12:12  Probe  
  160  12:21  Carrier  
  166  12:24  Probe  
  167  12:31  Stargate  
  167  12:35  Carrier (Chrono Boost)  
  167  12:36  Stargate, Probe  
  174  12:49  Probe  
  175  13:10  Protoss Shields Level 3  
  175  13:12  Carrier (Chrono Boost)  
  175  13:14  Carrier (Chrono Boost)  
  193  13:25  Carrier (Chrono Boost)  
  193  13:26  Carrier (Chrono Boost)  
  189  14:26  Protoss Air Weapons Level 3  
  181  14:39  Carrier x3  
  193  14:53  Tempest  
  194  15:21  Carrier  
Show
View Real Time Build Order
Export as new Build Order

Ziden Terran 

Build Orders:  

Get SALT Encoding   

  12  0:02  SCV  
  13  0:14  SCV  
  13  0:17  Supply Depot  
  14  0:26  SCV  
  15  0:43  Barracks  
  15  0:47  Refinery  
  15  0:48  SCV  
  16  1:02  SCV  
  17  1:15  SCV  
  18  1:27  Refinery  
  18  1:31  SCV  
  19  1:42  Supply Depot  
  19  1:43  SCV  
  20  1:55  Command Center  
  20  1:58  SCV  
  21  2:05  Factory  
  21  2:18  SCV  
  22  2:32  Supply Depot  
  22  2:34  SCV  
  23  2:46  SCV  
  23  2:50  Hellion  
  26  2:55  Starport  
  26  3:03  SCV  
  27  3:07  Engineering Bay  
  27  3:17  Factory Tech Lab  
  27  3:19  SCV  
  28  3:27  SCV  
  29  3:39  SCV  
  29  3:40  Fusion Core  
  30  3:51  SCV  
  31  3:59  Hellion  
  33  4:07  SCV  
  34  4:13  SCV  
  35  4:22  Hellion  
  37  4:28  Battlecruiser  
  43  4:32  Starport  
  43  4:35  SCV  
  44  4:39  Refinery  
  44  4:43  SCV  
  45  4:49  Hellion  
  47  5:04  Factory  
  47  5:10  Starport Tech Lab  
  47  5:17  Hellion  
  39  5:51  Battlecruiser  
  42  5:57  SCV  
  42  6:07  Planetary Fortress  
  42  6:14  SCV  
  43  6:27  SCV  
  44  6:33  Battlecruiser  
  50  6:50  SCV  
  51  6:55  Refinery  
  51  6:59  Marine  
  52  7:01  Barracks  
  52  7:02  Hellion  
  54  7:16  Missile Turret  
  54  7:26  Command Center  
  54  7:30  Supply Depot  
  54  7:41  Armory  
  54  7:44  Factory Reactor  
  54  7:47  Factory Tech Lab  
  54  7:52  Marine, SCV, Battlecruiser  
  54  7:53  Barracks Reactor  
  62  7:59  Orbital Command  
  62  8:32  Supply Depot  
  62  8:37  SCV  
  62  8:40  Battlecruiser  
  68  8:49  SCV  
  72  9:10  Siege Tank  
  72  9:12  Hellion x2  
  76  9:18  Supply Depot  
  76  9:23  Terran Vehicle And Ship Armor Level 1  
  76  9:26  SCV  
  77  9:38  SCV  
  78  9:40  Battlecruiser  
  84  9:48  Command Center  
  84  9:50  SCV  
  85  10:19  Supply Depot  
  85  10:23  Siege Tank  
  85  10:24  Marine  
  89  10:41  Marine, Battlecruiser  
  96  10:59  Marine  
  97  11:17  Marine  
  98  11:39  Battlecruiser  
  100  11:43  Planetary Fortress  
  87  12:25  SCV  
  87  12:27  Terran Vehicle And Ship Armor Level 2  
  88  12:30  Battlecruiser  
  88  12:34  Siege Tank  
  97  12:37  SCV  
  97  12:39  SCV  
  99  12:49  SCV  
  100  12:51  SCV  
  101  13:01  SCV  
  101  13:04  SCV  
  103  13:10  Siege Tank  
  103  13:12  Hellion x2  
  110  13:14  Marine, SCV  
  110  13:15  Marine x2  
  110  13:16  SCV  
  115  13:26  SCV  
  116  13:28  SCV  
  117  14:20  Marine x2  
  117  14:21  Hellion x2  
  117  14:23  Battlecruiser  
  117  14:26  SCV  
  112  14:38  Marine  
  112  14:43  SCV  
  114  14:55  SCV  
  114  14:57  SCV  
  116  15:07  SCV  
  117  16:31  Supply Depot  
  117  16:35  Marine, SCV  
  117  16:37  Siege Tank, SCV, Hellion x2  
  133  16:53  SCV x2  
  141  17:06  Supply Depot  
Show
View Real Time Build Order
Export as new Build Order

oleg Protoss 

Build Orders:  

Get SALT Encoding   

  12  0:02  Probe (Chrono Boost)  
  13  0:12  Probe (Chrono Boost)  
  14  0:17  Probe (Chrono Boost)  
  15  0:26  Pylon  
  15  0:44  Probe  
  15  0:48  Forge  
  16  0:57  Probe (Chrono Boost)  
  17  1:09  Probe (Chrono Boost)  
  18  1:15  Probe (Chrono Boost)  
  19  1:23  Photon Cannon  
  19  1:26  Photon Cannon  
  19  1:32  Pylon  
  19  1:47  Nexus  
  19  1:50  Assimilator  
  19  2:06  Gateway  
  19  2:10  Photon Cannon  
  19  2:18  Assimilator  
  19  2:22  Probe  
  20  2:24  Assimilator  
  20  2:34  Probe  
  21  2:37  Photon Cannon  
  21  2:57  Pylon  
  21  3:06  Cybernetics Core  
  21  3:12  Probe (Chrono Boost)  
  22  3:23  Probe (Chrono Boost)  
  23  3:27  Probe (Chrono Boost)  
  24  3:42  Probe  
  24  3:48  Stargate  
  25  3:52  Stargate  
  25  3:54  Probe  
  26  4:00  Photon Cannon  
  26  4:05  Shield Battery  
  26  4:09  Photon Cannon  
  26  4:20  Probe (Chrono Boost)  
  27  4:26  Assimilator  
  27  4:30  Probe (Chrono Boost)  
  27  4:31  Protoss Air Weapons Level 1  
  27  4:35  Probe (Chrono Boost)  
  26  4:42  Void Ray  
  29  4:54  Void Ray  
  29  5:06  Probe (Chrono Boost)  
  34  5:29  Void Ray  
  38  5:38  Probe (Chrono Boost)  
  39  5:46  Void Ray  
  39  5:49  Probe (Chrono Boost)  
  44  5:54  Probe (Chrono Boost)  
  32  6:16  Probe  
  32  6:17  Void Ray  
  37  6:28  Probe  
  38  6:41  Protoss Air Armor Level 1  
  38  6:46  Probe (Chrono Boost)  
  39  6:53  Void Ray (Chrono Boost)  
  43  6:56  Probe (Chrono Boost)  
  44  7:01  Probe (Chrono Boost)  
  44  7:06  Void Ray (Chrono Boost)  
  45  7:12  Probe  
  50  7:20  Probe  
  50  7:28  Probe  
  51  7:30  Pylon  
  52  7:46  Probe (Chrono Boost)  
  52  7:48  Void Ray  
  57  7:56  Probe (Chrono Boost)  
  58  8:26  Void Ray  
  62  8:31  Fleet Beacon  
  62  8:36  Stargate  
  62  8:39  Pylon  
  62  8:42  Pylon  
  62  8:56  Void Ray  
  58  9:39  Void Ray x3  
  70  9:49  Pylon  
  70  9:53  Pylon  
  70  9:54  Protoss Air Weapons Level 2  
  70  10:20  Stargate  
  70  10:22  Void Ray x2  
  78  11:12  Void Ray x4  
  54  12:15  Void Ray x4  
  66  12:57  Void Ray  
  66  12:58  Void Ray x2  
  78  13:14  Void Ray  
  78  13:19  Nexus  
  82  13:25  Pylon  
  82  13:44  Void Ray x2  
  90  13:57  Photon Cannon  
  90  14:00  Photon Cannon  
  90  15:09  Void Ray x3  
  90  15:10  Void Ray  
  50  15:57  Photon Cannon  
  50  16:00  Pylon  
  50  16:02  Probe (Chrono Boost)  
  51  16:10  Void Ray  
  56  16:12  Probe (Chrono Boost)  
  56  16:17  Probe (Chrono Boost)  
  56  16:18  Void Ray  
  61  16:34  Void Ray  
  65  16:40  Probe (Chrono Boost)  
  66  16:50  Probe (Chrono Boost)  
  71  16:55  Probe (Chrono Boost)  
Show
View Real Time Build Order
Export as new Build Order

Dragon Protoss 

Build Orders:  

Get SALT Encoding   

  12  0:14  Probe  
  12  0:21  Pylon  
  13  0:51  Pylon  
  13  1:04  Forge  
  13  1:39  Pylon  
  13  1:53  Probe  
  14  2:05  Probe  
  14  2:07  Pylon  
  15  2:17  Probe, Pylon  
  16  2:29  Probe  
  17  2:35  Photon Cannon  
  17  2:51  Pylon  
  16  2:59  Probe  
  16  3:03  Assimilator  
  17  3:11  Probe  
  18  3:23  Probe  
  19  3:34  Nexus  
  19  3:35  Probe, Photon Cannon  
  20  3:42  Assimilator  
  20  3:46  Assimilator  
  20  3:47  Probe  
  21  3:57  Pylon  
  21  3:59  Probe  
  21  4:00  Pylon  
  22  4:48  Probe  
  23  4:57  Pylon  
  23  5:00  Probe  
  23  5:12  Probe  
  24  5:24  Probe  
  17  5:36  Probe  
  18  5:48  Probe  
  19  6:00  Probe  
  19  6:03  Photon Cannon  
  20  6:05  Pylon  
  20  6:09  Photon Cannon  
  20  6:12  Probe  
  20  6:15  Photon Cannon  
  21  6:19  Photon Cannon  
  21  6:22  Pylon  
  21  6:24  Probe  
  22  6:35  Photon Cannon  
  22  6:41  Probe, Assimilator  
  23  6:47  Gateway  
  23  6:50  Probe  
  23  6:53  Probe  
  25  7:02  Probe  
  25  7:05  Probe  
  27  7:14  Probe  
  28  7:17  Probe, Photon Cannon  
  29  7:26  Probe  
  30  7:38  Probe  
  31  7:44  Nexus  
  31  7:50  Probe  
  32  8:02  Probe  
  32  8:04  Pylon  
  33  8:12  Zealot  
  34  8:15  Probe  
  35  8:20  Pylon  
  35  8:27  Probe x2  
  36  8:39  Probe  
  37  8:50  Cybernetics Core  
  37  8:51  Probe  
  33  9:40  Stargate  
  33  9:45  Stargate  
  33  9:46  Stargate  
  33  9:52  Stargate  
  33  9:54  Stargate  
  33  10:04  Photon Cannon  
  33  10:22  Pylon  
  33  10:23  Probe  
  34  10:29  Probe  
  34  10:35  Probe, Pylon  
  36  10:41  Probe, Pylon  
  37  10:45  Nexus  
  37  10:52  Photon Cannon  
  37  10:53  Probe  
  37  10:57  Photon Cannon  
  38  10:59  Photon Cannon  
  38  11:03  Photon Cannon  
  38  11:05  Probe  
  38  11:07  Photon Cannon  
  39  11:11  Assimilator  
  39  11:12  Void Ray x2  
  39  11:13  Void Ray x3  
  39  11:17  Probe  
  60  11:55  Void Ray x2  
  60  11:59  Probe  
  69  12:07  Probe  
  70  12:11  Probe  
  71  12:18  Assimilator  
  71  12:19  Probe  
  72  12:23  Probe  
  73  12:31  Probe  
  73  12:35  Probe  
  75  12:47  Probe  
  76  12:59  Probe  
  73  13:18  Nexus  
  61  13:26  Pylon  
  57  13:57  Void Ray x3, Pylon  
  57  13:58  Void Ray x2  
  76  14:20  Pylon  
  76  14:24  Pylon  
  76  14:32  Photon Cannon  
  76  14:40  Void Ray x4  
  76  14:41  Void Ray  
  92  15:23  Void Ray  
  92  15:28  Fleet Beacon  
  96  15:50  Photon Cannon  
  96  15:53  Photon Cannon  
Show
View Real Time Build Order
Export as new Build Order

MooEsqoo Protoss 

Build Orders: Carriers 

Get SALT Encoding   

  12  0:02  Probe  
  13  0:22  Pylon  
  13  0:25  Probe  
  14  0:56  Gateway  
  14  1:02  Probe (Chrono Boost), Assimilator  
  16  1:12  Probe (Chrono Boost)  
  16  1:17  Probe (Chrono Boost)  
  17  1:32  Probe  
  18  1:44  Probe  
  18  1:46  Cybernetics Core  
  19  1:57  Assimilator  
  19  1:59  Pylon  
  19  2:09  Probe  
  20  2:21  Probe  
  21  2:33  Probe  
  22  2:50  Probe  
  23  3:39  Nexus  
  23  3:40  Probe, Pylon  
  24  3:41  Pylon  
  24  3:42  Warp Gate (Chrono Boost)  
  24  3:44  Assimilator, Stalker  
  26  3:50  Assimilator  
  26  3:55  Stargate  
  26  3:56  Gateway  
  26  3:59  Forge  
  26  4:01  Robotics Facility  
  26  4:26  Probe  
  27  4:31  Protoss Ground Weapons Level 1  
  27  4:37  Stalker  
  29  4:40  Shield Battery  
  29  4:49  Shield Battery  
  29  4:52  Probe x2  
  31  5:04  Probe x2  
  31  5:06  Void Ray (Chrono Boost)  
  37  5:17  Observer (Chrono Boost)  
  38  5:29  Probe x2  
  38  5:32  Stalker, Immortal (Chrono Boost)  
  38  5:33  Stalker  
  48  5:41  Probe x2  
  50  5:53  Probe x2  
  52  6:00  Void Ray  
  56  6:21  Stalker x2  
  56  6:22  Nexus  
  56  6:23  Pylon  
  60  6:27  Pylon  
  60  6:29  Pylon  
  60  6:36  Probe x2  
  62  6:48  Probe x2  
  64  7:03  Shield Battery  
  64  7:06  Photon Cannon  
  64  7:10  Pylon  
  64  7:13  Assimilator  
  64  7:14  Stalker  
  64  7:15  Stalker  
  68  7:21  Gateway  
  68  7:24  Void Ray, Gateway  
  68  7:25  Gateway  
  72  7:34  Probe x2  
  74  7:40  Probe  
  75  7:46  Probe x2  
  77  7:52  Probe, Stalker  
  77  7:53  Stalker  
  82  7:59  Immortal (Chrono Boost)  
  86  8:10  Twilight Council  
  54  9:29  Stalker x3  
  54  9:30  Protoss Ground Weapons Level 2 (Chrono Boost), Stalker x2  
  56  9:37  Phoenix  
  58  9:44  Fleet Beacon  
  58  9:49  Stargate  
  58  9:50  Stargate  
  58  9:53  Stargate  
  58  10:04  Stalker x3  
  58  10:05  Assimilator, Stalker x2  
  68  10:15  Phoenix  
  70  10:33  Probe  
  71  10:42  Probe  
  72  10:45  Probe  
  72  10:47  Probe  
  74  10:53  Stalker x2  
  74  10:54  Probe, Stalker x3  
  85  11:00  Probe  
  86  11:06  Probe  
  87  11:12  Probe  
  87  11:18  Probe  
  89  11:22  Carrier (Chrono Boost)  
  89  11:23  Carrier (Chrono Boost)  
  95  11:30  Probe  
  108  11:33  Carrier (Chrono Boost)  
  108  11:49  Carrier  
  91  12:16  Probe  
  91  12:18  Probe  
  93  12:26  Carrier  
  93  12:27  Carrier  
  93  12:28  Probe  
  106  12:31  Probe  
  107  12:40  Probe  
  107  12:43  Probe  
  109  12:45  Protoss Air Weapons Level 1 (Chrono Boost)  
  109  12:46  Pylon  
  109  12:48  Pylon  
  109  12:50  Pylon  
  109  12:52  Pylon  
  109  12:53  Pylon  
  109  12:54  Pylon  
  109  12:57  Pylon  
  109  13:02  Carrier (Chrono Boost)  
  109  13:04  Probe x2  
  117  13:05  Assimilator  
  117  13:11  Probe  
  118  13:16  Probe x2  
  120  13:23  Carrier (Chrono Boost)  
  120  13:24  Probe  
  127  13:28  Probe x2  
  127  13:30  Carrier (Chrono Boost)  
  127  13:31  Carrier (Chrono Boost)  
  125  14:19  Carrier (Chrono Boost)  
  95  14:39  Carrier x2 (Chrono Boost)  
  95  14:41  Carrier (Chrono Boost)  
  110  15:12  Stalker x4  
  94  15:43  Probe x2  
  94  15:44  Carrier x2 (Chrono Boost)  
  95  15:55  Probe  
  90  16:01  Probe x2  
  90  16:08  Probe  
  73  16:13  Probe  
  73  16:14  Carrier (Chrono Boost)  
  73  16:18  Phoenix (Chrono Boost)  
Show
View Real Time Build Order
Export as new Build Order

Павел Terran 

Build Orders:  

Get SALT Encoding   

  12  0:22  Supply Depot  
  12  0:24  SCV  
  13  0:36  SCV  
  14  0:47  Supply Depot  
  14  0:48  SCV  
  15  1:00  SCV  
  16  1:05  Barracks  
  16  1:12  SCV  
  17  1:38  Barracks  
  17  2:02  Command Center  
  17  2:06  Marine  
  18  2:34  Marine  
  19  2:57  Marine x2  
  21  3:10  Refinery  
  21  3:15  Marine  
  22  3:28  Orbital Command  
  22  3:32  Marine  
  22  3:33  Marine  
  24  3:43  Orbital Command  
  24  3:49  Marine  
  24  3:51  Marine  
  26  3:57  SCV  
  27  4:07  Marine  
  27  4:09  SCV  
  29  4:20  Refinery  
  29  4:21  SCV  
  29  4:22  Engineering Bay  
  30  4:25  Factory  
  30  4:30  Marine  
  30  4:31  Marine  
  32  4:33  SCV  
  33  4:48  Marine x2  
  35  5:06  Marine  
  36  5:11  Factory Tech Lab  
  36  5:12  Factory  
  36  5:19  Marine  
  37  5:24  Marine  
  38  5:37  Marine  
  38  5:42  Marine  
  40  5:51  Command Center  
  40  5:55  Marine  
  41  5:59  Marine  
  41  6:02  Armory  
  41  6:03  Factory Tech Lab  
  42  6:04  Infernal Pre-Igniter  
  42  6:12  Marine  
  42  6:14  SCV  
  42  6:17  Marine  
  45  6:24  Refinery  
  45  6:26  SCV  
  46  6:43  Armory  
  46  6:49  Supply Depot x2  
  46  6:56  Supply Depot  
  46  7:02  Marine  
  46  7:03  SCV  
  46  7:06  Supply Depot  
  48  7:12  SCV, Refinery  
  49  7:16  SCV  
  50  7:27  Terran Infantry Weapons Level 1  
  50  7:28  SCV  
  51  7:49  Thor  
  57  8:00  Thor  
  63  8:12  Terran Vehicle Weapons Level 1  
  63  8:14  Terran Ship Weapons Level 1  
  63  8:25  Supply Depot  
  63  8:40  Marine  
  64  8:43  Barracks Tech Lab  
  64  8:47  Thor  
  70  8:52  Mag-Field Accelerator  
  70  8:54  Drilling Claws  
  70  8:58  Marine  
  71  9:04  Orbital Command  
  71  9:16  Marine, Thor  
  78  9:21  Marine, Terran Infantry Armor Level 1  
  79  9:25  SCV  
  80  9:33  Marine  
  80  9:37  SCV  
  82  9:39  Marine  
  82  9:42  Combat Shield  
  83  9:51  Marine  
  84  10:05  SCV  
  85  10:08  Terran Vehicle And Ship Armor Level 1  
  85  10:09  SCV  
  86  10:16  Thor  
  86  10:17  SCV  
  93  10:21  SCV  
  93  10:24  Marine  
  93  10:26  Barracks Reactor  
  95  10:29  SCV  
  95  10:33  Terran Vehicle Weapons Level 2, SCV  
  97  10:41  SCV  
  97  10:42  Marine  
  98  10:45  SCV  
  99  10:53  SCV  
  97  10:57  SCV  
  97  11:00  Marine  
  97  11:01  Stimpack  
  97  11:03  Thor  
  99  11:18  Marine  
  96  11:34  Marine x2  
  96  11:36  Marine  
  99  11:52  Marine x2  
  101  12:08  Marine  
  101  12:10  Marine  
  101  12:13  SCV  
  99  12:25  SCV  
  101  12:37  SCV  
  101  12:41  Terran Vehicle And Ship Armor Level 2, Supply Depot  
  101  12:44  Supply Depot  
  101  12:45  Supply Depot  
  101  12:48  Supply Depot, Terran Ship Weapons Level 2  
  101  12:51  Refinery  
  101  12:56  SCV  
  101  13:02  Supply Depot  
  101  13:03  Thor, SCV  
  108  13:05  Thor  
  108  13:08  SCV  
  115  13:13  Missile Turret  
  115  13:15  SCV  
  115  13:16  Missile Turret  
  115  13:19  Concussive Shells  
  116  13:20  SCV  
  116  13:25  Supply Depot  
  117  13:27  SCV  
  117  13:32  SCV  
  119  13:35  Missile Turret  
  119  13:36  Missile Turret  
  119  13:39  SCV  
  118  13:44  SCV  
  118  13:48  Supply Depot  
  117  13:51  SCV  
  117  13:54  Thor x2  
  128  14:29  Marine x2  
  128  14:30  Marine  
  131  14:37  Thor x2  
  143  14:47  Marine x3  
  146  15:05  Marine x3  
  149  15:20  Thor  
  155  15:23  Marine x2  
  155  15:26  Marine  
  155  15:30  Thor  
  138  16:03  Thor  
Show
View Real Time Build Order
Export as new Build Order

Жулик Zerg 

Build Orders: Pool First 

Get SALT Encoding   

  12  0:08  Overlord  
  12  0:13  Drone  
  13  0:20  Extractor  
  13  0:21  Drone  
  13  0:24  Drone  
  14  0:31  Drone  
  15  0:52  Spawning Pool  
  15  0:54  Drone x2  
  16  1:04  Drone  
  17  1:14  Extractor  
  17  1:16  Drone  
  17  1:30  Drone  
  18  1:40  Zergling x2  
  18  1:42  Metabolic Boost  
  18  1:45  Queen  
  21  1:57  Zergling x2  
  22  2:16  Hatchery  
  22  2:17  Zergling x2  
  22  2:34  Overlord  
  22  2:51  Queen  
  22  2:52  Zergling x4  
  22  2:56  Drone x2  
  28  2:58  Zergling x2  
  28  3:01  Zergling x2  
  30  3:22  Overlord x2  
  30  3:59  Zergling x6  
  33  4:03  Zergling x6  
  36  4:20  Drone  
  36  4:21  Queen  
  39  4:24  Lair  
  39  4:29  Evolution Chamber  
  38  4:34  Zergling x2  
  38  4:35  Zergling x4  
  41  4:41  Drone x2  
  43  4:58  Burrow  
  43  5:04  Drone x3  
  46  5:07  Zerg Melee Weapons Level 1  
  35  6:04  Zergling x10  
  35  6:05  Zergling x8  
  35  6:09  Drone x3  
  45  6:12  Queen  
  47  6:20  Evolution Chamber  
  47  6:24  Queen  
  48  6:32  Zergling x8  
  52  6:35  Overlord  
  52  6:39  Overlord  
  52  6:41  Overlord  
  52  6:53  Queen  
  54  6:54  Zerg Ground Armor Level 1  
  54  7:01  Infestation Pit  
  54  7:03  Drone x2  
  54  7:04  Zergling x2  
  54  7:05  Zergling x4  
  58  7:13  Drone  
  58  7:14  Drone x2  
  61  7:29  Zergling x2  
  63  7:30  Zergling x8  
  66  7:47  Zergling x8  
  66  7:48  Zergling x2  
  71  7:57  Overlord x3  
  71  7:58  Overlord  
  71  7:59  Overlord  
  71  8:00  Overlord  
  45  9:44  Zergling x8  
  45  9:45  Zergling x12  
  54  9:46  Zergling x4  
  54  9:50  Zergling x4  
  54  9:51  Zergling x10  
  54  9:52  Zergling x8  
  68  10:04  Zerg Ground Armor Level 2  
  68  10:06  Zerg Melee Weapons Level 2  
  68  10:16  Hive  
  68  10:17  Nydus Network  
  68  10:18  Drone  
  68  10:19  Drone x2  
  70  10:25  Extractor  
  69  10:29  Extractor  
  69  10:31  Zergling x10  
  73  10:49  Zergling x2  
  70  10:50  Zergling x10  
  16  12:51  Hatchery  
  16  12:55  Hatchery, Zergling x2  
  16  12:56  Zergling x14  
  16  12:57  Zergling x8  
  26  13:00  Zergling x4  
  28  13:07  Hydralisk Den  
  27  13:34  Queen  
  29  13:50  Zergling x6  
  29  13:51  Zergling x8  
  36  13:58  Queen  
  36  14:16  Drone  
  37  14:20  Drone  
  32  15:10  Queen, Drone  
  6  15:52  Drone  
  7  16:16  Drone  
  8  16:22  Drone x2  
Show
View Real Time Build Order
Export as new Build Order

Dodger Protoss 

Build Orders: Carriers 

Get SALT Encoding   

  12  0:03  Probe  
  13  0:15  Pylon  
  13  0:19  Probe (Chrono Boost)  
  15  0:28  Probe (Chrono Boost)  
  15  0:36  Gateway  
  15  0:44  Probe  
  16  0:56  Probe  
  17  0:58  Assimilator  
  17  1:04  Assimilator  
  17  1:08  Probe (Chrono Boost)  
  19  1:18  Probe (Chrono Boost)  
  19  1:23  Probe (Chrono Boost)  
  20  1:26  Cybernetics Core  
  20  1:33  Pylon  
  20  1:52  Forge  
  20  1:56  Probe  
  21  2:08  Probe  
  22  2:15  Pylon  
  22  2:20  Probe (Chrono Boost)  
  24  2:30  Probe (Chrono Boost)  
  24  2:34  Stargate  
  24  2:35  Probe (Chrono Boost)  
  25  2:46  Probe  
  26  2:58  Probe  
  26  3:16  Stargate  
  26  3:20  Void Ray  
  30  3:29  Photon Cannon  
  30  3:32  Photon Cannon  
  30  3:42  Nexus  
  30  4:03  Void Ray  
  34  4:15  Void Ray  
  38  4:45  Stargate  
  38  4:49  Pylon  
  34  5:09  Probe (Chrono Boost)  
  35  5:14  Robotics Facility  
  35  5:19  Probe (Chrono Boost)  
  36  5:25  Probe (Chrono Boost), Assimilator  
  38  5:29  Probe (Chrono Boost)  
  38  5:30  Assimilator  
  38  5:32  Probe (Chrono Boost)  
  40  5:37  Probe x2 (Chrono Boost)  
  41  5:43  Nexus  
  41  5:45  Assimilator  
  41  5:47  Probe, Assimilator  
  41  5:48  Probe  
  43  6:01  Probe  
  40  6:16  Void Ray x2  
  44  6:22  Observer  
  45  6:26  Cybernetics Core  
  45  6:28  Cybernetics Core  
  45  6:33  Pylon  
  45  6:38  Pylon  
  45  6:40  Probe (Chrono Boost)  
  46  6:51  Probe x2 (Chrono Boost)  
  48  6:59  Probe (Chrono Boost)  
  48  7:00  Probe (Chrono Boost)  
  50  7:02  Stargate  
  50  7:04  Probe (Chrono Boost)  
  50  7:06  Probe  
  52  7:18  Probe  
  52  7:19  Protoss Air Weapons Level 1  
  49  7:37  Stargate  
  49  7:39  Probe (Chrono Boost)  
  47  7:45  Probe (Chrono Boost)  
  47  7:48  Protoss Air Armor Level 1  
  47  7:50  Probe (Chrono Boost)  
  48  7:53  Probe (Chrono Boost)  
  48  7:56  Probe (Chrono Boost)  
  49  7:58  Probe (Chrono Boost)  
  49  8:04  Void Ray  
  54  8:06  Probe  
  54  8:09  Probe  
  54  8:12  Pylon  
  56  8:15  Pylon  
  56  8:17  Pylon  
  56  8:18  Probe  
  56  8:19  Pylon  
  57  8:21  Probe, Pylon  
  57  8:26  Pylon  
  58  8:31  Pylon  
  58  8:32  Pylon  
  58  8:34  Probe  
  59  8:35  Pylon  
  59  8:38  Pylon  
  59  8:41  Pylon  
  59  8:44  Pylon  
  59  8:47  Probe (Chrono Boost), Pylon  
  60  8:51  Pylon  
  60  8:53  Pylon  
  60  8:55  Pylon  
  60  8:57  Probe (Chrono Boost)  
  60  8:58  Pylon  
  60  8:59  Probe (Chrono Boost)  
  62  9:07  Probe x2 (Chrono Boost)  
  62  9:08  Fleet Beacon  
  64  9:12  Probe (Chrono Boost)  
  64  9:13  Probe  
  66  9:17  Void Ray x2  
  74  9:36  Nexus  
  74  9:37  Assimilator  
  74  9:39  Stargate  
  74  9:42  Assimilator  
  74  9:43  Stargate  
  74  9:45  Stargate  
  74  9:49  Pylon  
  74  9:53  Stargate  
  74  9:56  Stargate  
  74  9:58  Stargate  
  73  10:22  Protoss Air Weapons Level 2 (Chrono Boost)  
  73  10:28  Protoss Air Armor Level 2 (Chrono Boost)  
  73  10:38  Tempest  
  73  10:39  Tempest  
  83  11:02  Tempest x2  
  93  11:32  Tempest x2  
  93  11:33  Tempest  
  93  11:36  Nexus  
  93  11:39  Assimilator  
  108  11:44  Assimilator  
  108  11:50  Carrier  
  96  12:31  Carrier x2  
  96  12:33  Carrier  
  114  12:51  Probe (Chrono Boost)  
  115  13:02  Carrier  
  117  13:39  Protoss Air Weapons Level 3 (Chrono Boost)  
  117  13:40  Protoss Air Armor Level 3 (Chrono Boost)  
  117  13:46  Carrier  
  105  14:56  Carrier x2  
  105  14:57  Carrier  
  129  15:03  Carrier  
  134  15:17  Carrier  
  128  15:42  Carrier  
  128  15:49  Carrier  
  120  15:59  Pylon  
Tags
 
Add a new tag
Caveats
  • Supply blocks, unpowered buildings, or Contaminate may cause inaccurate times.
  • Supply counts are checked every 10 seconds.